 Dungeon Crawl Stone Soup version 0.26.1-11-gd32895ea62 (webtiles) character file.

Game seed: 11369954493169894711

86 Hugehornet the Insei (level 4, 0/29 HPs)
             Began as an Octopode Transmuter on July 17, 2021.
             Slain by Natasha (7 damage)
             ... on level 2 of the Dungeon.
             The game lasted 00:04:40 (1809 turns).

Hugehornet the Insei (Octopode Transmuter)          Turns: 1809, Time: 00:04:42

Health: 0/29       AC:  1    Str:  9    XL:     4   Next: 50%
Magic:  6/7        EV: 13    Int: 16    God:
Gold:   94         SH:  0    Dex: 12    Spells: 1/7 levels left

rFire    . . .     SeeInvis .     - Unarmed
rCold    . . .     Faith    .   (no shield)
rNeg     . . .     Spirit   .   (helmet currently unavailable)
rPois    .         Reflect  .   (no amulet)
rElec    .         Harm     .   (no ring)
rCorr    .         Rampage  .   (no ring)
Will     .....                  (no ring)
Stlth    ++........             (no ring)
HPRegen  0.09/turn              (no ring)
MPRegen  0.10/turn              (no ring)
                                (no ring)
                                (no ring)

@: appendages
A: almost no armour, stealthy swim, amphibious, 8 rings, constrict 8, tentacle
spike 3, camouflage 1, gelatinous body 1
a: End Transformation


You were on level 2 of the Dungeon.
One of your tentacles had a temporary spike.
You visited 1 branch of the dungeon, and saw 2 of its levels.

You collected 94 gold pieces.

Inventory:

Scrolls
 a - 5 scrolls of identify {unknown}
 b - a scroll of fear {unknown}
 c - 3 scrolls of teleportation {unknown}
 d - a scroll of enchant armour {unknown}
 e - a scroll of magic mapping {unknown}
 f - 2 scrolls of enchant weapon {unknown}
 g - a scroll of remove curse {unknown}
 i - a scroll of noise {unknown}
Potions
 h - a potion of brilliance {unknown}
 j - a potion of lignification {unknown}


   Skills:
 + Level 1.7 Fighting
 - Level 2.0 Dodging
 * Level 3.8 Unarmed Combat
 + Level 2.4 Spellcasting
 * Level 3.0 Transmutations
 * Level 0.7 Poison Magic


You had one spell level left.
You knew the following spells:

 Your Spells              Type           Power        Failure   Level
a - Beastly Appendage     Tmut           22%          6%          1
b - Wereblood             Tmut           11%          9%          2
c - Spider Form           Tmut/Pois      3%           28%         3

Your spell library contained the following spells:

 Spells                   Type           Power        Failure   Level
 Ice Form                 Ice/Tmut       6%           71%         4
 Blade Hands              Tmut           5%           85%         5


Dungeon Overview and Level Annotations

Branches:
Dungeon (2/15)

Altars:

Annotations:
D:2 Natasha


Innate Abilities, Weirdness & Mutations

You cannot wear most types of armour.
You are very stealthy in the water. (Stealth+)
You are amphibious.
You can wear up to eight rings at the same time.
You can use your tentacles to constrict eight enemies at once.
Your skin changes colour to match your surroundings (Stealth+).
Your rubbery body absorbs attacks. (AC +1, EV +1)
One of your tentacles bears a large vicious spike.


Message History

Natasha misses you.
You completely miss Natasha. You grab Natasha. You constrict Natasha.
Natasha closely misses you. The shadow imp misses you.
You tentacle-slap Natasha.
Natasha is lightly wounded.
You constrict Natasha. Natasha claws you!
You tentacle-slap Natasha but do no damage.
You pierce Natasha.
You tentacle-slap Natasha. You squeeze Natasha.
Natasha is almost dead.
You constrict Natasha, but do no damage.
The shadow imp barely misses you. Natasha claws you!
You are too injured to fight recklessly!
You are too injured to fight recklessly!
You tentacle-slap Natasha but do no damage.
Natasha is almost dead.
You constrict Natasha, but do no damage.
The shadow imp hits you.
* * * LOW HITPOINT WARNING * * *
Natasha claws you!
You die...

## .. #. #.# #
#.####.#
######......###
.......5h......
#.@# #!.#
#######.รท######
####
..............#
...#
#########.####.#
##.# #.........#
##.#####.........#
.................#
##.####..........#


You could see Natasha and a shadow imp (summoned).

Vanquished Creatures
  Natasha (twice) (D:2)
  An adder (D:2)
  A worm (D:2)
  2 giant cockroaches (D:2)
  2 goblins (D:1)
  4 hobgoblins
  2 bats (D:1)
  3 frilled lizards
  3 kobolds
  8 rats
28 creatures vanquished.

Notes
Turn   | Place    | Note
-------+----------+-------------------------------------------
     0 | D:1      | Hugehornet the Octopode Transmuter began the quest for the
                  | Orb.
     0 | D:1      | Reached XP level 1. HP: 13/13 MP: 3/3
   471 | D:1      | Reached XP level 2. HP: 18/18 MP: 1/5
   474 | D:1      | Learned a level 2 spell: Wereblood
  1246 | D:2      | Reached XP level 3. HP: 23/23 MP: 3/6
  1302 | D:2      | Noticed Natasha
  1310 | D:2      | Killed Natasha
  1465 | D:2      | Reached XP level 4. HP: 26/28 MP: 5/7
  1472 | D:2      | Learned a level 3 spell: Spider Form
  1577 | D:2      | Noticed Natasha
  1587 | D:2      | Killed Natasha
  1803 | D:2      | Noticed Natasha
  1809 | D:2      | Slain by Natasha

Illustrated notes

Levels and vault maps discovered:
D:1:      dpeg_arrival_ratfight, layout_loops_cross, minmay_pentomino_z2
D:2:      layout_basic, uniq_natasha, uniq_terence

Skill      XL: |  1  2  3  4 |
---------------+-------------+-----
Transmutations | 3 |  3.0
Fighting       | |  1.7
Dodging        | |  2.0
Unarmed Combat | |  3.8
Spellcasting   | |  2.4
Poison Magic   | |  0.7

Action                   |  1- 3 |  4- 6 || total
-------------------------+-------+-------++-------
Melee: Unarmed           |    58 |    18 ||    76
       Constrict         |    17 |     3 ||    20
       Kick              |    14 |     3 ||    17
       Tentacles         |     6 |     2 ||     8
       Punch             |       |     1 ||     1
 Cast: Beastly Appendage |    19 |     3 ||    22
       Wereblood         |       |     1 ||     1
 Stab: Sleeping          |     2 |       ||     2
Armor: Skin              |     4 |     1 ||     5
Dodge: Dodged            |    44 |     9 ||    53
